 Dungeon Crawl Stone Soup version 0.29.1-2-gbd0b4ee654 (webtiles) character file.

Game seed: 2065051258584924106

1082 DildoBatman the Conjurer (level 8, -1/58 HPs)
             Began as a Formicid Conjurer on Oct 29, 2022.
             Was an Initiate of Kikubaaqudgha.
             Succumbed to a scorpion's poison
             ... on level 6 of the Dungeon.
             The game lasted 00:14:57 (4629 turns).

DildoBatman the Conjurer (Formicid Conjurer)        Turns: 4629, Time: 00:14:57

Health: -1/58      AC:  4    Str: 10 (12) XL:     8   Next: 55%
Magic:  0/12       EV: 11    Int: 17 (18) God:    Kikubaaqudgha [......]
Gold:   522        SH:  9    Dex: 12 (14) Spells: 7/13 levels left

rFire   . . .      SeeInvis +   a - +3 halberd
rCold   . . .      Faith    .   B - +0 kite shield
rNeg    . . .      Spirit   .   l - +0 robe
rPois   .          Reflect  .   (helmet unavailable)
rElec   .          Harm     .   (no cloak)
rCorr   .          Rampage  .   q - +0 pair of gloves
Will    .....                   v - +0 pair of boots
Stlth   ++........              r - amulet of regeneration
HPRegen 0.99/turn               k - ring of wizardry
MPRegen 0.13/turn               (no ring)

@: lethally poisoned (-1 -> -6)
A: permanent stasis, dig shafts and tunnels, antennae 3, four strong arms
a: Dig, Shaft Self, Renounce Religion


You were on level 6 of the Dungeon.
You worshipped Kikubaaqudgha.
Kikubaaqudgha was noncommittal.
You visited 2 branches of the dungeon, and saw 8 of its levels.

You collected 522 gold pieces.

Inventory:

Hand Weapons
 a - a +3 halberd (weapon)
 b - a +1 flail of protection
 c - a +0 sling
Missiles
 e - 6 poisoned darts
 i - 4 atropa-tipped darts
 D - 2 boomerangs
 K - 2 throwing nets
 L - 51 stones (quivered)
Armour
 l - a +0 robe (worn)
 q - a +0 pair of gloves (worn)
 v - a +0 pair of boots (worn)
 B - a +0 kite shield (worn)
Magical Staves
 o - a staff of air
 x - a staff of earth
Jewellery
 k - a ring of wizardry (left hand)
 m - an amulet of magic regeneration
 r - an amulet of regeneration (around neck)
Wands
 y - a wand of flame (18)
Scrolls
 h - a scroll of amnesia {unknown}
 j - 4 scrolls of immolation
 p - a scroll of enchant armour {unknown}
 s - 3 scrolls of torment
 t - a scroll of summoning {unknown}
 z - a scroll of identify
 E - a scroll of fear {unknown}
 I - a scroll of teleportation {unknown}
 M - a scroll of vulnerability {unknown}
Potions
 g - 2 potions of curing {unknown}
 n - 4 potions of degeneration
 u - a potion of attraction {unknown}
 w - a potion of heal wounds {unknown}
 A - 2 potions of haste {unknown}
 F - a potion of berserk rage {unknown}
 G - a potion of mutation {unknown}
 H - a potion of lignification {unknown}
 J - a potion of magic


   Skills:
 - Level 3.0 Fighting
 - Level 3.0 Armour
 - Level 2.0 Dodging
 - Level 2.4 Stealth
 * Level 5.9 Shields
 - Level 3.0 Spellcasting
 - Level 7.0 Conjurations
 - Level 1.3 Necromancy


You had 7 spell levels left.
You knew the following spells:

 Your Spells              Type           Power      Damage    Failure   Level
a - Searing Ray           Conj           52%        2d6       1%          2
c - Magic Dart            Conj           100%       1d8       1%          1
d - Vampiric Draining     Necr           7%         2d6       26%         3

Your spell library contained the following spells:

 Spells                   Type           Power      Damage    Failure   Level
 Dazzling Flash           Conj/Hex       28%        N/A       11%         3
 Slow                     Hex            8%         N/A       16%         1
 Fulminant Prism          Conj/Hex       7%         3d7       32%         4
 Iskenderun's Mystic Bla  Conj/Tloc      14%        2d5       32%         4
 Confusing Touch          Hex            2%         N/A       38%         3
 Gell's Gravitas          Tloc           2%         N/A       38%         3
 Teleport Other           Tloc           2%         N/A       38%         3
 Starburst                Conj/Fire      7%         6d4       99%         6
 Dispersal                Tloc           1%         N/A       100%        6


Dungeon Overview and Level Annotations

Branches:
Dungeon (7/15)             Temple (1/1) D:7

Altars:
Cheibriados
Elyvilon
Hepliaklqana
Kikubaaqudgha
Nemelex Xobeh
Qazlal
Sif Muna
Uskayaw
Vehumet
Xom
Yredelemnul
Zin
The Shining One

Annotations:
D:3 exclusion: iguana, Ijyb


Innate Abilities, Weirdness & Mutations

You cannot be hasted, slowed, berserked, paralysed or teleported.
You can dig through walls and to a lower floor.
You have a pair of large antennae on your head. (SInv)
Your four strong arms can wield two-handed weapons with a shield.


Message History

There is a stone staircase leading up here.
The orc warrior hits you from afar with a +0 glaive!
You climb upwards.
The scorpion stings you. You block the scorpion's attack.
There is a stone staircase leading down here.
Casting: Searing Ray (safe; 1% risk of failure)
Confirm with . or Enter, or press ? or * to list all spells.
Aiming: Searing Ray (safe; 1% risk of failure)
Press: ? - help, Shift-Dir - straight line, f - scorpion
Aim: a scorpion (79% to hit)
The searing ray hits the scorpion.
The scorpion is moderately wounded. (Press . to maintain the ray.)
The scorpion barely misses you.
The searing ray hits the scorpion.
The scorpion is moderately wounded.
The scorpion closely misses you.
The searing ray hits the scorpion.
The scorpion is heavily wounded.
The scorpion stings you. x2
You hit the scorpion.
The scorpion is severely wounded.
The scorpion stings you.
You are poisoned.
The scorpion poisons you! The scorpion stings you.
You are more poisoned.
The scorpion poisons you!
You barely miss the scorpion.
The scorpion is severely wounded.
You feel extremely sick. The scorpion stings you.
It was a potion of degeneration.
There was something very wrong with that liquid.
You feel weakened.
You feel dopey.
You feel clumsy.
You die...
Kikubaaqudgha rasps: "You have failed me!
Welcome... death!"

***,** *#..............*
**,,,,, *,,**
**...............*
**,,,, ****
**................**
*****
*.................,*
##.................,*
#..........$.......,*
#..................,*
##..................,*
#..........s@.......,**
#.....................#
#.....................#
#.<...................#
#.....................#
###....................#
#......................#
#...............)......#
#....................[.#


You could see a scorpion.

Vanquished Creatures
  A steam dragon (D:6)
  A water moccasin (D:5)
  A black bear (D:5)
  2 ice beasts (D:5)
  2 ogres
  2 scorpions (D:4)
  An orc wizard (D:3)
  8 gnolls
  6 adders
  A shadow imp (D:5)
  A worm (D:2)
  3 dart slugs
  17 orcs
  8 ball pythons
  2 bats
  6 endoplasms
  6 giant cockroaches
  6 goblins
  6 hobgoblins
  4 jackals (D:4)
  8 kobolds
  6 quokkas
  5 frilled lizards
  8 rats
111 creatures vanquished.

Vanquished Creatures (others)
  A plant (D:7)
  5 toadstools (D:1)
6 creatures vanquished.

Grand Total: 117 creatures vanquished

Notes
Turn   | Place    | Note
-------+----------+-------------------------------------------
     0 | D:1      | DildoBatman the Formicid Conjurer began the quest for the
                  | Orb.
     0 | D:1      | Reached XP level 1. HP: 13/13 MP: 3/3
   176 | D:1      | Reached XP level 2. HP: 19/19 MP: 3/5
   179 | D:1      | Learned a level 2 spell: Searing Ray
   184 | D:1      | Reached skill level 4 in Conjurations
   340 | D:1      | Reached XP level 3. HP: 21/24 MP: 0/6
   749 | D:2      | Found a faded altar of an unknown god.
   834 | D:2      | Reached XP level 4. HP: 30/30 MP: 5/7
  1032 | D:2      | Got the Secrets of Confrontation
  1099 | D:2      | Reached skill level 5 in Conjurations
  1143 | D:2      | Found a snail-covered altar of Cheibriados.
  1366 | D:3      | Reached XP level 5. HP: 35/35 MP: 4/8
  1371 | D:3      | Found a snail-covered altar of Cheibriados.
  1961 | D:3      | Reached skill level 6 in Conjurations
  1984 | D:3      | Noticed Ijyb
  2241 | D:3      | Noticed an ogre
  2248 | D:3      | Killed an ogre
  2249 | D:3      | Reached XP level 6. HP: 41/41 MP: 2/9
  2661 | D:4      | Learned a level 3 spell: Vampiric Draining
  2803 | D:4      | Reached skill level 1 in Fighting
  2803 | D:4      | Reached skill level 1 in Armour
  2803 | D:4      | Reached XP level 7. HP: 34/48 MP: 4/10
  2981 | D:5      | Entered Level 5 of the Dungeon
  2989 | D:5      | Noticed a water moccasin
  3074 | D:5      | Reached skill level 1 in Necromancy
  3248 | D:5      | Killed a water moccasin
  3249 | D:5      | Reached skill level 7 in Conjurations
  3325 | D:5      | Reached XP level 8. HP: 7/57 MP: 2/12
  3998 | D:6      | Reached skill level 5 in Shields
  4124 | D:7      | Found a staircase to the Ecumenical Temple.
  4135 | Temple   | Entered the Ecumenical Temple
  4518 | Temple   | Became a worshipper of Kikubaaqudgha
  4628 | D:6      | HP: 1/58 [scorpion (5)]
  4629 | D:6      | Succumbed to a scorpion's poison

Illustrated notes

Levels and vault maps discovered:
D:1:      eino_arrival_cavern_e, layout_rooms, minmay_gold_behind_fungi,
          hangedman_abyss_or_decor_lesser_grid
D:2:      wander_river, layout_loops_ring, basic_altar,
          hellmonk_ecumenical_altar_lost_god, serial_glass, glass_columns_b,
          glass_columns_b, chequers_serial_rivers_micro_d
D:3:      layout_basic, mainiacjoe_overflow_tiny_flanked, corexii_corridor_pit,
          uniq_ijyb
D:4:      layout_loops_ring
D:5:      layout_cave_pools, minmay_misc_feat_secret_circle,
          hangedman_abyss_or_decor_stabs, minmay_small_thing
D:6:      layout_layer_cave, serial_shops, shop
D:7:      layout_rooms, minmay_temple_entry_gardened_gates,
          minmay_strange_pillars, st_stairs_11, chequers_decorated_corner,
          eino_jars
Temple:   minmay_temple_forest_path

Skill      XL: |  1  2  3  4  5  6  7  8 |
---------------+-------------------------+-----
Conjurations   | 4 5 6 7 |  7.0
Fighting       | 1 2 3 |  3.0
Armour         | 1 3 |  3.0
Dodging        | 2 |  2.0
Necromancy     | 1 |  1.3
Spellcasting   | 3 |  3.0
Shields        | 5 |  5.9
Stealth        | |  2.4

Action                   |  1- 3 |  4- 6 |  7- 9 || total
-------------------------+-------+-------+-------++-------
Melee: Short sword       |    16 |       |       ||    16
       Halberd           |       |       |     5 ||     5
 Fire: Sling             |     1 |     6 |     1 ||     8
 Cast: Magic Dart        |    48 |    51 |    29 ||   128
       Searing Ray       |     4 |    27 |    25 ||    56
 Abil: Dig               |     1 |       |     2 ||     3
  Use: Scroll            |       |       |     6 ||     6
       Potion            |       |       |     1 ||     1
 Stab: Sleeping          |     1 |       |       ||     1
Armor: Robe              |     3 |     2 |     6 ||    11
Dodge: Dodged            |    10 |    11 |    27 ||    48
Block: Kite shield       |       |       |    10 ||    10
